 Dungeon Crawl Stone Soup version 0.27-a0-1147-gb3d8e82157 (webtiles) character file.

Game seed: 18262093827668055539

186 shoop the Chucker (level 5, 50/50 HPs)
             Began as an Ogre Arcane Marksman on May 11, 2021.
             Was a Follower of Uskayaw.
             Got out of the dungeon alive.
             The game lasted 00:09:35 (5265 turns).

shoop the Chucker (Ogre Arcane Marksman)            Turns: 5265, Time: 00:09:35

Health: 50/50      AC:  3    Str: 15    XL:     5   Next: 66%
Magic:  8/8        EV: 10    Int: 14    God:    Uskayaw [*.....]
Gold:   66         SH:  0    Dex: 15    Spells: 5/8 levels left

rFire    . . .     SeeInvis .   b - +0 spear
rCold    . . .     Faith    .   (no shield)
rNeg     . . .     Spirit   .   a - +0 robe
rPois    .         Reflect  .   (helmet restricted)
rElec    .         Harm     .   (no cloak)
rCorr    .         Rampage  .   (gloves unavailable)
Will     .....                  (boots unavailable)
Stlth    +.........             (no amulet)
HPRegen  0.16/turn              l - +6 ring of dexterity
MPRegen  0.11/turn              (no ring)

@: no status effects
A: large, unfitting armour, tough skin 1
a: Renounce Religion, Stomp


You escaped.
You worshipped Uskayaw.
Uskayaw was noncommittal.
You visited 1 branch of the dungeon, and saw 4 of its levels.

You collected 66 gold pieces.

Inventory:

Hand Weapons
 b - a +0 spear (weapon)
Missiles
 c - 7 large rocks (quivered)
 d - 2 throwing nets
 e - 21 poisoned darts
 k - 2 boomerangs
Armour
 a - a +0 robe (worn)
Magical Staves
 m - a staff of earth
Jewellery
 l - a +6 ring of dexterity (left hand)
Scrolls
 f - a scroll of identify {unknown}
 g - 2 scrolls of teleportation {unknown}
 h - a scroll of enchant armour {unknown}
Potions
 i - a potion of mutation {unknown}
 j - a potion of flight {unknown}


   Skills:
 + Level 2.3 Fighting
 - Level 5.0 Throwing
 - Level 2.0 Dodging
 - Level 2.0 Spellcasting
 - Level 3.0 Hexes


You had 5 spell levels left.
You knew the following spells:

 Your Spells              Type           Power      Damage    Failure   Level
a - Corona                Hex            10%        N/A       7%          1
b - Slow                  Hex            9%         N/A       11%         2

Your spell library contained the following spells:

 Spells                   Type           Power      Damage    Failure   Level
 Animate Skeleton         Necr           2%         N/A       24%         1
 Apportation              Tloc           2%         N/A       24%         1
 Magic Dart               Conj           4%         1d3       24%         1
 Summon Small Mammal      Summ           4%         N/A       24%         1
 Searing Ray              Conj           2%         3d3       34%         2
 Dazzling Flash           Conj/Hex       10%        N/A       36%         3
 Inner Flame              Hex/Fire       5%         N/A       36%         3
 Portal Projectile        Hex/Tloc       10%        N/A       36%         3
 Cause Fear               Hex            4%         N/A       56%         4
 Fulminant Prism          Conj/Hex       2%         3d6       77%         4
 Leda's Liquefaction      Hex/Erth       2%         N/A       77%         4
 Iskenderun's Mystic Bla  Conj/Tloc      1%         2d3       93%         4


Dungeon Overview and Level Annotations

Branches:
Dungeon (4/15)
 Temple: D:4-7

Altars:
Uskayaw

Shops:
D:1 (


Innate Abilities, Weirdness & Mutations

You are too large for most types of armour.
You have tough skin. (AC +1)


Message History

The orc shouts!
The orc seems to slow down.
The orc wizard shouts!
You hear a shout! x2
You reach to attack!
You hit the orc wizard but do no damage.
A sky beast comes into view.
You closely miss the orc wizard.
The orc wizard hits you with a +0 dagger.
The orc wizard hits you with a +0 dagger.
The orc wizard gestures at you while chanting.
The puff of flame hits you!
The orc wizard gestures at you while chanting.
The puff of flame hits you.
There is a stone staircase leading up here.
You climb upwards.
There is a stone staircase leading down here.
Unknown command.
Search for what [? for help]? nk You see here a +0 club.
Magic restored.
There is a stone staircase leading up here.
You climb upwards.
There is a stone staircase leading down here.
There is a stone staircase leading up here.
You climb upwards.
There is a stone staircase leading down here.
There is an open door here.
There is an open door here.
You see here a +0 whip.
There is a faded altar of an unknown god here.
You cannot tell which god this altar belongs to.
Convert to them anyway?
Uskayaw accepts your prayer! Uskayaw welcomes you!
You can now stomp with the beat.
You see here a +0 whip.
There is an open door here.
HP restored.
There is a staircase leading out of the dungeon here.
Are you sure you want to leave the Dungeon?
This will make you lose the game!
You have escaped!

#.# #######.# #..... #.# #.#
#...## ##'## #.# ##.## ##...## #.#
#.### ##.....## #.# #####....
#.......# #.# #.....).# ##
################ #####.###....
.########.........# #..........
................@.#####.#.##.....
##########........'.รท>#.#.##.##.#
##........#####.#.##.##.#
##...#.....##....#.......# #####
##...###....##....####.####
....###...## ##.######### #.#
######...## #.# #.# ##...## ##.#
### #.# ####.#...## #..# #.# #.#


There were no monsters in sight!

Vanquished Creatures
  2 orc wizards
  3 gnolls (D:2)
  3 adders
  4 worms
  3 dart slugs
  2 orcs (D:3)
  7 ball pythons
  6 endoplasms
  A giant cockroach (D:3)
  5 goblins
  4 hobgoblins
  4 jackals (D:3)
  9 kobolds
  4 bats
  2 frilled lizards
  4 rats
63 creatures vanquished.

Notes
Turn   | Place    | Note
-------+----------+-------------------------------------------
     0 | D:1      | shoop the Ogre Arcane Marksman began the quest for the Orb.
     0 | D:1      | Reached XP level 1. HP: 19/19 MP: 2/2
   301 | D:1      | Reached XP level 2. HP: 28/28 MP: 1/3
   779 | D:1      | Learned a level 2 spell: Slow
   909 | D:1      | Found Jokaq's Weapon Boutique.
  1080 | D:1      | Reached XP level 3. HP: 29/35 MP: 3/5
  1214 | D:1      | Found a faded altar of an unknown god.
  2640 | D:2      | Reached skill level 3 in Throwing
  3014 | D:2      | Reached XP level 4. HP: 40/42 MP: 5/7
  3471 | D:2      | Reached skill level 4 in Throwing
  3500 | D:2      | Reached XP level 5. HP: 28/49 MP: 8/8
  4411 | D:3      | Reached skill level 5 in Throwing
  5135 | D:4      | Noticed a sky beast
  5213 | D:1      | Became a worshipper of Uskayaw the Reveller
  5213 | D:1      | Reached * piety under Uskayaw
  5265 | D:$      | Got out of the dungeon alive.

Illustrated notes

Levels and vault maps discovered:
D:1:      elethiomel_arrival_shortcut, layout_loops_corners,
          ebering_ecumenical_altar_abandoned, serial_shops, shop
D:2:      layout_rooms, serial_glass, glass_columns_a, glass_columns_b
D:3:      layout_basic, grunt_decor_cap
D:4:      layout_basic, nemelex_spade_bored_becter, serial_shops,
          kennysheep_mini_moat

Skill      XL: |  1  2  3  4  5 |
---------------+----------------+-----
Fighting       | 2 |  2.3
Hexes          | 3 |  3.0
Dodging        | 2 |  2.0
Spellcasting   | 2 |  2.0
Throwing       | 3 4 5 |  5.0

Action                   |  1- 3 |  4- 6 || total
-------------------------+-------+-------++-------
Melee: Spear             |   154 |   178 ||   332
Throw: Large rock        |     3 |     2 ||     5
       Dart              |     3 |     6 ||     9
       Boomerang         |       |     1 ||     1
 Cast: Corona            |    28 |    21 ||    49
       Slow              |     5 |     3 ||     8
 Stab: Sleeping          |       |     1 ||     1
Armor: Robe              |    34 |    25 ||    59
Dodge: Dodged            |    64 |    61 ||   125

Table legend: (Time is in decaauts)
 A = Elapsed time spent in this place.
 B = Non-inter-level travel time spent in this place.
 C = Inter-level travel time spent in this place.
 D = Time resting spent in this place.
 E = Time spent auto-exploring this place.
 F = Levels seen in this place.
 G = Mean time per level.
                   A        B        C        D        E       F      G
               +--------+--------+--------+--------+--------+-----+--------+
         Total |   5303 |   5092 |    211 |   1217 |   3132 |   4 | 1325.8 |
       Dungeon |   5303 |   5092 |    211 |   1217 |   3132 |   4 | 1325.8 |
               +--------+--------+--------+--------+--------+-----+--------+

Top non-repeatable levels by time:
     D:1: 2318 daAuts
     D:3: 1500 daAuts
     D:2: 1460 daAuts
     D:4: 25 daAuts
